cohdb
Replays
Latest Replays
All Replays
Popular Replays
Top Player Replays
Match Explorer
How It Works
Community
CoH3 Stats
Reddit
Sign in to upload your games and track your stats! →
Sign in with Steam
Match 41791578
Unlisted
Match 41791578
Overview
Messages
Build Orders
End
Engineer Squad
Selects Armored Battlegroup
Selects Assault Engineers
Assault Engineer Squad
Assault Engineer Squad
Construct Weapon Support Center
M1919 Machine Gun Team
Scout Squad
M1919 Machine Gun Team
Construct Medical Station
Scout Squad
Air Support Center
Selects Fast Deploy
Bazooka Squad
M3 Armored Personnel Carrier
Selects Fast Deploy
Bazooka Squad
Improved M9 Bazooka Rockets
Selects M8 Scott SPG
Assault Engineer Squad
Construct Tank Depot
Grasshopper Recon Run
Selects UNKNOWN (2160077)
M4A3E8 Sherman Easy Eight
.30 cal Machine Gun
Selects M31 Recovery Vehicle
Bazooka Squad
Double Sortie
P-47 Dive Bomb
P-47 Strafing Run
Selects War Machine
M4(105) Sherman Bulldozer
Air Supremacy
M8 Scott SPG
P-47 Strafing Run
M4A3E8 Sherman Easy Eight
Improved Aircraft Armor
Advanced Air Reconnaissance
P-47 Strafing Run
Grasshopper High-Altitude Recon Run
Mortar Pit
P-47 Strafing Run
P-47 Dive Bomb
Bazooka Squad
Grasshopper High-Altitude Recon Run
robwarrior
Grand.G
0
0
Comments
sign in to comment!
No comments posted yet!